[Event "*** Titled Tuesday Blitz"]
[Site "Chess.com"]
[Date "2021.04.27"]
[Round "9"]
[White "lucachess49"]
[Black "Andrakhanova"]
[Result "1-0"]
[WhiteElo "2423"]
[BlackElo "2282"]
[TimeControl "180+1"]
[EndTime "11:43:39 PDT"]
[Termination "lucachess49 won by resignation"]

1. d4 d5 2. c4 e6 3. Nc3 c6 4.
e3 Nf6 5. Nf3 Nbd7 6. Qc2 Bd6 7.
Bd3 O-O 8. O-O h6 9. b3 Re8 10. Bb2 Qe7 11. e4 dxc4 12. Bxc4 e5 13. Ne2 exd4 14.
Nexd4 Ne5 15. Nxe5 Bxe5 16. Rae1 c5 17. Nf3 Bxb2 18.
Qxb2 Bg4 19. Nd2 Rad8 20. e5 Nd5 21. h3 Bf5 22. Nf3 Nf4 23. Qc1 Nd3 24. Qe3 Nxe1 25. Rxe1 a6 26. a4 Rd7 27. Qf4 Be6 28. Nd2 Rd4 29. Qe3 Red8 30. Bxe6 Qxe6 31. Nc4 Rd3 32. Qe4 Rxb3 33. Nd6 Rb4 34. Qe3 b6 35. f4 g6 36.
g4 Rxa4 37. f5 gxf5 38. gxf5 Qd5 39. Qxh6 Qd4+ 40. Kh1 Qh4 41. Rg1+ 1-0

[Event "*** Titled Tuesday Blitz"]
[Site "Chess.com"]
[Date "2021.04.27"]
[Round "9"]
[White "Jumbo"]
[Black "Zhigalko_Sergei"]
[Result "0-1"]
[WhiteElo "2783"]
[BlackElo "2940"]
[TimeControl "180+1"]
[EndTime "11:43:41 PDT"]
[Termination "Zhigalko_Sergei won on time"]

1. d4 Nf6 2. Nf3 e6 3. Bf4 d5 4. e3 Bd6 5. Bg3 O-O 6. c4 b6 7.
Nc3 Bb7 8. Qc2 Nbd7 9. a3 Rc8 10. cxd5 Nxd5 11. Nxd5 Bxd5 12. Ba6 Rb8 13. Rc1 b5 14. e4 Ba8 15. e5 Be7 16. Qxc7 Bd5 17. O-O Bc4 18. Rxc4 bxc4 19. Qxc4 Rxb2 20. a4 Nb6 21. Qc6 Qd5 22. Qc7 Qd7 23. Qxd7 Nxd7 24. Bb5 Nb6 25. Ra1 Rc8 26. h4 h6 27. h5 Nd5 28. Bd3 Rb3 29. Ba6 Rcc3 30. Nd2 Rb6 31. Bb5 Rb8 32. Ne4 Rc2 33. Nd6 Rb2 34. Rc1 Kf8 35. Rc6 Rb1+ 0-1

[Event "*** Titled Tuesday Blitz"]
[Site "Chess.com"]
[Date "2021.04.27"]
[Round "9"]
[White "dennisodessa"]
[Black "Iskusnyh"]
[Result "1-0"]
[WhiteElo "2447"]
[BlackElo "2581"]
[TimeControl "180+1"]
[EndTime "11:43:41 PDT"]
[Termination "dennisodessa won on time"]

1. d4 d5 2. c4 e6 3. Nc3 dxc4 4. e3 a6 5. a4 Nf6 6. Bxc4 c5 7. Nf3 Nc6 8. O-O Qc7 9. d5 Na5 10. Ba2 c4 11. dxe6 Bxe6 12. Nd4 Bd7 13. Bd2 Bd6 14. h3 O-O 15. Rc1 Rfd8 16. Qe1 b6 17. Nce2 Bxa4 18. Bxa5 bxa5 19. Rxc4 Qd7 20. Qxa5 Bb5 21. Rc2 Ne4 22.
Rd1 Be5 23. Nc3 Nxc3 24. Qxc3 Rac8 25. Qd2 Bb8 26. Rxc8 Qxc8 27. Qc1 Qd7 28. Qc5 Ba7 29. Qe5 g6 30. Qf6 Re8 31. Rc1 Bxd4 32. Qxd4 Qxd4 33. exd4 Rd8 34. d5 Kg7 35. f4 Kf6 36. Kf2 Kf5 37. Kf3 Kf6 38. Rc7 h6 39. d6 1-0

[Event "*** Titled Tuesday Blitz"]
[Site "Chess.com"]
[Date "2021.04.27"]
[Round "9"]
[White "KIEV-1"]
[Black "noblerone"]
[Result "1-0"]
[WhiteElo "2274"]
[BlackElo "2405"]
[TimeControl "180+1"]
[EndTime "11:43:42 PDT"]
[Termination "KIEV-1 won on time"]

1. e4 c5 2. Nf3 e6 3. d4 cxd4 4. Nxd4 Qb6 5. Nb3 Qc7 6. Bd3 Nf6 7. O-O Be7 8. f4 d6 9. Qf3 a6 10. Bd2 b6 11. Bc3 Bb7 12. N1d2 Nbd7 13. Qg3 Nc5 14. Nxc5 Qxc5+ 15. Kh1 h5 16. Nb3 Qc7 17. e5 Ng4 18. h3 O-O-O 19. hxg4 hxg4+ 20. Kg1 Rh4 21. Kf2 Rdh8 22.
Ke2 Rh2 23. Rg1 Bf3+ 24. Kd2 Bd5 25. Qxg4 Kb8 26. Rae1 g6 27. Kc1 Ka8 28. Bxa6 R8h4 29. Qe2 Qa7 30. exd6 Bxd6 31. Be5 Bxe5 32. fxe5 Re4 33.
Qb5 Rhh4 34. Qe8+ Qb8 35. Qxb8+ Kxb8 36. Bd3 Reg4 37. g3 Rh2 38. Ref1 Rg5 39. Rxf7 Rxe5 40. Nd4 Re3 41. Nb5 Be4 42. Bxe4 Rxe4 43. Nd6 Ree2 44.
Rb7+ Ka8 45. Rf1 1-0

[Event "*** Titled Tuesday Blitz"]
[Site "Chess.com"]
[Date "2021.04.27"]
[Round "9"]
[White "Piotrek1979"]
[Black "Grieve72"]
[Result "0-1"]
[WhiteElo "2352"]
[BlackElo "2518"]
[TimeControl "180+1"]
[EndTime "11:43:42 PDT"]
[Termination "Grieve72 won on time"]

1. Nf3 f5 2. b3 d6 3. Bb2 e5 4. c4 Nf6 5. e3 g6 6. d4 e4 7.
Nfd2 Bg7 8. Nc3 O-O 9. Qc2 Nc6 10. a3 Bd7 11. Be2 a5 12. Nb5 Rc8 13. h4 Qe7 14. g3 Nd8 15. d5 Nf7 16. Nd4 Ne5 17.
h5 c5 18. dxc6 bxc6 19. hxg6 hxg6 20. Bc3 Ra8 21. b4 axb4 22. axb4 Rxa1+ 23. Bxa1 Ra8 24. N2b3 d5 25. c5 Bc8 26. Bc3 Ba6 27. b5 cxb5 28. Nxb5 Nfg4 29. Nd6 Bxe2 30. Qxe2 Nd3+ 31. Kd2 Ra2+ 32.
Kd1 Ngxf2+ 33. Qxf2 Nxf2+ 34. Kc1 Nxh1 35. Nd4 Nxg3 36.
Kb1 Qa7 0-1

[Event "*** Titled Tuesday Blitz"]
[Site "Chess.com"]
[Date "2021.04.27"]
[Round "9"]
[White "Cptn2"]
[Black "mishanick"]
[Result "0-1"]
[WhiteElo "2609"]
[BlackElo "2999"]
[TimeControl "180+1"]
[EndTime "11:43:43 PDT"]
[Termination "mishanick won by resignation"]

1. e4 c5 2. Nf3 d6 3. a3 Nf6 4.
Nc3 e5 5. Bc4 Be7 6. O-O O-O 7.
d3 Nc6 8. Rb1 Bg4 9. h3 Bh5 10.
Nd5 Nd4 11. g4 Bg6 12. Nxf6+ Bxf6 13. c3 Nxf3+ 14. Qxf3 Bg5 15. Be3 Rb8 16. Bd5 b6 17. b4 Bxe3 18. fxe3 Qh4 19. Kg2 h5 20. Qg3 Qg5 21.
h4 Qxg4 22. Qxg4 hxg4 23. Kg3 Kh7 24. Kxg4 Kh6 25. Rb2 Bh5+ 26. Kg3 Rbc8 27. c4 f6 28. bxc5 Rxc5 29. Ra1 Ra5 30. Bc6 Rc5 31. Bd5 Rfc8 32. Be6 R8c7 33. Rb4 Ra5 34. Bd5 Be8 35. Be6 Re7 36.
Bd5 g6 37. Kg4 Bd7+ 38. Kg3 f5 39. Rb2 Rh7 40. Rf2 Kg7 41. Rh2 Rh6 42. Kf3 Kf6 43. Ke2 b5 44. cxb5 Bxb5 45. Kd2 Ba6 46. Rc1 Rxa3 47.
Rc7 g5 48. h5 Rxd3+ 49. Kc2 Rxd5 50. exd5 Bb5 51. Rxa7 f4 52. Rb7 Bc4 53. Rb6 Kf5 54.
Kd2 Bxd5 55. Rb8 Bf3 56. Rf8+ Ke4 57. Rg8 fxe3+ 58. Ke1 Rxh5 59. Rxh5 Bxh5 60. Rxg5 Bf3 61. Rg8 d5 62. Ra8 d4 63. Ra4 Kf4 64. Kf1 Bc6 65.
Rb4 Kf3 66. Rb6 Bd5 67. Rf6+ Ke4 68. Rb6 d3 69. Rb4+ Kf3 70. Rb5 Bc4 0-1

[Event "*** Titled Tuesday Blitz"]
[Site "Chess.com"]
[Date "2021.04.27"]
[Round "9"]
[White "AttackSparrow"]
[Black "chessbia"]
[Result "0-1"]
[WhiteElo "2463"]
[BlackElo "2346"]
[TimeControl "180+1"]
[EndTime "11:43:44 PDT"]
[Termination "chessbia won by checkmate"]

1. e4 c6 2. d4 d5 3. exd5 cxd5 4.
c4 Nf6 5. Nc3 Nc6 6. Bg5 dxc4 7.
Bxc4 e6 8. Nf3 Be7 9. O-O O-O 10. Re1 h6 11. Bf4 a6 12. a3 b5 13. Ba2 Bb7 14. Qd3 Rc8 15. Rad1 Qb6 16. d5 exd5 17. Nxd5 Nxd5 18.
Bxd5 Bf6 19. Bd6 Rfd8 20. Bxf7+ Kxf7 21. Qd5+ Kg6 22. Qe4+ Kf7 23. Qe6+ Kg6 24. Qe4+ Kf7 25. Nh4 Ne5 26. Qb1 Rxd6 27. Rxd6 Qxd6 28. Nf5 Qd7 29. Rd1 Qc6 30. Nd6+ Kg8 31. f3 Rd8 32. Nxb7 Rxd1+ 33. Qxd1 Qxb7 34. Qb3+ Kh8 35. Qe3 Qc6 36. Kf1 Nc4 37.
Qd3 Qe6 38. Qd2 Nxd2+ 39. Kf2 Nc4 40. Kg3 Qe5+ 41. f4 Qxb2 42. Kg4 Qxa3 43. g3 Qb2 44.
h4 Qe2+ 45. Kh3 Ne3 46. h5 Qg2# 0-1

[Event "*** Titled Tuesday Blitz"]
[Site "Chess.com"]
[Date "2021.04.27"]
[Round "9"]
[White "esrosenberg"]
[Black "SanchezKelvin"]
[Result "0-1"]
[WhiteElo "2189"]
[BlackElo "236"]
[TimeControl "180+1"]
[EndTime "11:43:44 PDT"]
[Termination "SanchezKelvin won on time"]

1. Nf3 b6 2. g3 Bb7 3. Bg2 Nf6 4. O-O e6 5. c4 c5 6. Nc3 Be7 7. d4 cxd4 8. Qxd4 O-O 9. Rd1 Na6 10. Nb5 d5 11.
Bf4 dxc4 12. Qxc4 Bd5 13. Qc2 Qc8 14. Nc3 Nb4 15. Qd2 Bb7 16. a3 Rd8 17. Qc1 Nbd5 18. Be5 Qc4 19. Nxd5 Bxd5 20. Qxc4 Bxc4 21. e3 Be2 22.
Rxd8+ Rxd8 23. Nd4 Ba6 24. Nc6 Rd7 25. Nxe7+ Rxe7 26. Rd1 Rd7 27. Rc1 Nd5 28. h4 f6 29. Bd4 e5 30. Bc3 Nxc3 31. Rxc3 Kf7 32. b4 Ke7 33. Bh3 Rd1+ 34. Kh2 Kd6 35. Bg4 Rd3 36. Rxd3+ Bxd3 37. Kg2 Kd5 38. f3 Kc4 39. Be6+ Kc3 40. Bg8 Kb2 41. a4 Ka3 42. a5 bxa5 43. bxa5 a6 44. e4 h6 45. Kf2 Kb4 46. Ke3 Bb5 47. f4 Kxa5 48. fxe5 fxe5 49. g4 Kb4 50. g5 Kc5 51. gxh6 gxh6 52.
Ba2 Bc4 53. Bb1 a5 54. Kd2 Kd4 55. Kc2 Bd3+ 56. Kb2 Bxb1 57. Kxb1 Kxe4 0-1

[Event "*** Titled Tuesday Blitz"]
[Site "Chess.com"]
[Date "2021.04.27"]
[Round "9"]
[White "Grandelicious"]
[Black "Vice64"]
[Result "1-0"]
[WhiteElo "2837"]
[BlackElo "2666"]
[TimeControl "180+1"]
[EndTime "11:43:45 PDT"]
[Termination "Grandelicious won by checkmate"]

1. d4 Nf6 2. Nf3 e6 3. g3 c5 4. Bg2 cxd4 5. Nxd4 d5 6. O-O e5 7.
Nb3 Nc6 8. Bg5 Be6 9. Nc3 d4 10. Na4 Rc8 11. c3 b5 12. Nac5 Bxc5 13. Nxc5 O-O 14. Nxe6 fxe6 15. Qb3 Qd6 16. Qxb5 h6 17. Bxf6 Rxf6 18. Rad1 Rf7 19. e3 Rd7 20. Rd3 Qc7 21. Bxc6 Qxc6 22. Qxe5 Qa6 23. Rxd4 Rxd4 24. exd4 Qxa2 25.
Re1 Re8 26. Re2 Qb1+ 27. Kg2 Kf7 28. d5 Qd3 29. dxe6+ Kg8 30. e7 Qa6 31. h4 Qc6+ 32.
Qe4 Qb6 33. Qd5+ Kh8 34. Qf3 Kg8 35. Qd5+ Kh8 36. c4 a5 37. c5 Qc7 38. Qd6 Qb7+ 39. c6 Qb5 40. Re3 a4 41. Qd7 Qb8 42. c7 Qa8+ 43. Kh2 Kg8 44. Rd3 Qe4 45. Qxe8+ Kh7 46. Qd7 Qe2 47. Qf5+ Kg8 48. c8=Q# 1-0

[Event "*** Titled Tuesday Blitz"]
[Site "Chess.com"]
[Date "2021.04.27"]
[Round "9"]
[White "stolencandy13"]
[Black "Aradhya2000"]
[Result "0-1"]
[WhiteElo "2464"]
[BlackElo "2624"]
[TimeControl "180+1"]
[EndTime "11:43:45 PDT"]
[Termination "Aradhya2000 won by resignation"]

1. d4 d5 2. Bf4 Nf6 3. e3 c5 4.
Nf3 Nc6 5. Nc3 Bg4 6. Nb5 Rc8 7. c3 e6 8. a4 Ne4 9. Be2 Be7 10. h3 Bh5 11. Ne5 Bxe2 12. Qxe2 a6 13. Na3 Nxe5 14.
Bxe5 O-O 15. O-O Qb6 16. c4 Rfd8 17. cxd5 Rxd5 18. Nc4 Qb4 19. a5 cxd4 20. Nb6 d3 21. Qg4 Rxe5 22. Nxc8 Bf8 23. f3 Nd2 24. Qxb4 Bxb4 25.
Rfd1 Rxe3 26. Ra4 Bc5 27. Kh1 Nb3 28. Rc4 d2 29. Rxd2 Re1+ 30. Kh2 Bg1+ 31. Kg3 Nxd2 32.
Rc2 Nf1+ 33. Kh4 g6 34. Nd6 Ne3 35. Rc8+ Kg7 36. Ne8+ Kf8 37. Kg5 Nd5 38. Nf6+ Ke7 39. Re8+ Kd6 40. Ne4+ Kd7 41. Rf8 Be3+ 42. Kg4 f5+ 43.
Kg3 fxe4 44. fxe4 Ne7 45. Rf7 h6 46. Kf3 Rf1+ 47. Kxe3 Rxf7 0-1

[Event "*** Titled Tuesday Blitz"]
[Site "Chess.com"]
[Date "2021.04.27"]
[Round "9"]
[White "Mikhal867"]
[Black "Mikhail_Golubev"]
[Result "1-0"]
[WhiteElo "2462"]
[BlackElo "2555"]
[TimeControl "180+1"]
[EndTime "11:43:45 PDT"]
[Termination "Mikhal867 won on time"]

1. c4 g6 2. Nc3 Bg7 3. e4 d6 4. d4 Nf6 5. f3 O-O 6. Be3 a6 7. Rb1 Nc6 8. Qd2 Re8 9. Nge2 b5 10.
cxb5 axb5 11. b4 Rb8 12. d5 Ne5 13. Nd4 Bd7 14. Ncxb5 e6 15. dxe6 fxe6 16. Be2 d5 17. Nc3 dxe4 18. Nxe4 Nxe4 19. fxe4 c5 20. Nf3 Nxf3+ 21.
Bxf3 cxb4 22. O-O Bc3 23. Qf2 Bb5 24. Rfd1 Qf6 25. Bd4 Bxd4 26. Qxd4 e5 27. Qxb4 Kg7 28. Kh1 Be2 29. Bxe2 Rxb4 30. Rxb4 Qf2 31. Bf3 Qxa2 32.
h3 Re7 33. Rb5 h5 34. Rd6 Qf2 35. Rbb6 Qg3 36. Re6 Rf7 37. Rb3 g5 38. Rbb6 Rxf3 39. gxf3 Qxh3+ 40. Kg1 Qg3+ 41. Kf1 Qxf3+ 42. Kg1 Qf7 43.
Rxe5 g4 44. Rg5+ 1-0

[Event "*** Titled Tuesday Blitz"]
[Site "Chess.com"]
[Date "2021.04.27"]
[Round "9"]
[White "BursaBBSatranc"]
[Black "The_filthy"]
[Result "1-0"]
[WhiteElo "2576"]
[BlackElo "2402"]
[TimeControl "180+1"]
[EndTime "11:43:45 PDT"]
[Termination "BursaBBSatranc won by checkmate"]

1. d4 d5 2. Bf4 Nf6 3. e3 c5 4. c3 Nc6 5. Nd2 g6 6. Ngf3 cxd4 7. exd4 Bg7 8. Bd3 O-O 9. O-O Bg4 10.
h3 Bf5 11. Be2 Re8 12. Qb3 Qc8 13. Rac1 Ne4 14. Qxd5 Nxd2 15. Nxd2 e5 16. dxe5 Nxe5 17. Rfe1 Rd8 18. Qb3 Nd3 19. Bxd3 Rxd3 20. Ne4 Qc6 21. Ng3 Be6 22. Qc2 Rad8 23. Rcd1 Qc4 24. Rxd3 Rxd3 25. Re4 Qd5 26. Re3 Rd1+ 27. Kh2 h5 28. h4 Bd7 29. Qb3 Bc6 30. Qxd5 Bxd5 31. b3 Bc6 32. Ne4 Ra1 33. a4 Rb1 34. b4 Bxa4 35. Bg5 Bc6 36. Nf6+ Bxf6 37. Bxf6 Rd1 38. Bd4 Kh7 39. Re7 Kg8 40.
b5 Bxb5 41. Rxb7 a6 42. Rb8+ Kh7 43. Rh8# 1-0

[Event "*** Titled Tuesday Blitz"]
[Site "Chess.com"]
[Date "2021.04.27"]
[Round "9"]
[White "FMOlexandrProhorov"]
[Black "Loy_Konstantin"]
[Result "1/2-1/2"]
[WhiteElo "2268"]
[BlackElo "2371"]
[TimeControl "180+1"]
[EndTime "11:43:45 PDT"]
[Termination "Game drawn by repetition"]

1. d4 Nf6 2. Bg5 Ne4 3. Bf4 c5 4. e3 cxd4 5. exd4 d5 6. Bd3 Bf5 7. Nd2 Nc6 8. Ngf3 Nxd2 9. Qxd2 Bxd3 10. Qxd3 e6 11. O-O Bd6 12. Bxd6 Qxd6 13. Rfe1 h6 14. Re2 O-O 15. Ne5 Rac8 16. Nxc6 Qxc6 17. c3 b5 18. Re3 Qc4 19. Qd2 a5 20. Rg3 Kh7 21. Re1 b4 22. Qc2+ Kh8 23. Qd2 bxc3 24. bxc3 Rb8 25. Rh3 Kh7 26. Qc2+ Kg8 27. Qd2 Qb5 28. g4 Qb2 29. Qf4 Rbc8 30. Rxh6 gxh6 31. Qxh6 Qc2 32. Re5 Qd1+ 33. Kg2 Qxg4+ 34. Kf1 f5 35. Rxe6 Qd1+ 36. Kg2 Qg4+ 37. Kf1 Qd1+ 38. Kg2 Qg4+ 39. Kf1 1/2-1/2

[Event "*** Titled Tuesday Blitz"]
[Site "Chess.com"]
[Date "2021.04.27"]
[Round "9"]
[White "GelmanAlexander"]
[Black "volkanyirik"]
[Result "0-1"]
[WhiteElo "2567"]
[BlackElo "2433"]
[TimeControl "180+1"]
[EndTime "11:43:46 PDT"]
[Termination "volkanyirik won by resignation"]

1. d4 Nf6 2. Nc3 d5 3. Bf4 g6 4. e3 Bg7 5. h4 O-O 6. h5 c5 7. hxg6 hxg6 8. Qd2 Ne4 9. Nxe4 dxe4 10. O-O-O Qb6 11.
Ne2 Bg4 12. Rh4 Bxe2 13. Bxe2 Rd8 14. c3 Nc6 15. Qc2 cxd4 16. exd4 Rac8 17. Qxe4 Nxd4 18. Bd3 Nf5 19. Rh3 Qxf2 20. g4 Nd6 21. Bxd6 Rxd6 22. Rf3 Qc5 23. Rdf1 Rf6 24. Kc2 b5 25. a3 a5 26. g5 Rxf3 27. Qxf3 Rf8 28. Qf4 Be5 29. Qh4 Bg7 30. Rh1 Rc8 31. Qh7+ Kf8 32. Rf1 Qxg5 33. Qxg6 Qxg6 34. Bxg6 Bf6 35. Bf5 Rd8 36. Kb3 Rd2 37.
Be4 a4+ 38. Kb4 Rxb2+ 39. Ka5 Bxc3+ 40. Ka6 b4 41. Bd5 f6 42. Rg1 e5 43. axb4 Bxb4 44.
Kb6 Rc2 45. Kb5 Bc5 46. Rg8+ Ke7 47. Kxa4 Kd6 48. Rd8+ Ke7 49. Rh8 Rd2 50. Be4 Rd4+ 0-1

[Event "*** Titled Tuesday Blitz"]
[Site "Chess.com"]
[Date "2021.04.27"]
[Round "9"]
[White "Anton_Demchenko"]
[Black "Abund"]
[Result "1-0"]
[WhiteElo "2937"]
[BlackElo "2765"]
[TimeControl "180+1"]
[EndTime "11:43:47 PDT"]
[Termination "Anton_Demchenko won on time"]

1. e4 c5 2. Nf3 d6 3. d4 cxd4 4.
Qxd4 Nc6 5. Qe3 g6 6. h3 Bh6 7.
Qc3 e5 8. Bxh6 Nxh6 9. Qd2 Ng8 10. Nc3 Nf6 11. O-O-O Ke7 12. Bc4 Be6 13. Bb3 Rc8 14.
Kb1 a6 15. Rhe1 Na5 16. Qh6 Nxb3 17. cxb3 Qf8 18. Qe3 Qd8 19. Qh6 Qf8 20. Qh4 h6 21. Nd2 g5 22. Qg3 b5 23. b4 Qd8 24. Qe3 Qc7 25.
Rc1 Qb7 26. Nb3 Bxb3 27. axb3 Rc6 28. g3 Rhc8 29. f4 gxf4 30. gxf4 Qd7 31. Rcd1 Qe6 32.
Nd5+ Nxd5 33. exd5 Qf5+ 34. Ka2 Rc2 35. fxe5 dxe5 36.
d6+ Kd7 37. Qa7+ Kc6 38. d7 Rd8 39. Rf1 Qe6 40. Rf6 Qxf6 41. Qxa6+ Kc7 42. Qxf6 Ra8+ 43. Kb1 Rd2 44. Rxd2 1-0

[Event "*** Titled Tuesday Blitz"]
[Site "Chess.com"]
[Date "2021.04.27"]
[Round "9"]
[White "VladDobrov"]
[Black "juancruzarias"]
[Result "0-1"]
[WhiteElo "2718"]
[BlackElo "2611"]
[TimeControl "180+1"]
[EndTime "11:43:47 PDT"]
[Termination "juancruzarias won on time"]

1. g4 d5 2. g5 c6 3. b4 Bf5 4.
Bb2 h6 5. gxh6 Rxh6 6. Nf3 Nd7 7. Rg1 Ngf6 8. e3 Qb6 9. a3 a5 10. Bd4 Qc7 11. b5 Bg4 12. Be2 Bxf3 13. Bxf3 Qxh2 14. Rf1 e5 15. Bb2 Bd6 16. Nc3 e4 17. Be2 Ne5 18.
d4 exd3 19. cxd3 Kf8 20. Qb3 Kg8 21. O-O-O Rc8 22. Kb1 Ned7 23. d4 Qg2 24. Rc1 Qg6+ 25. Ka1 Qf5 26. Qd1 Rh2 27. Bd3 Qh3 28. Qc2 Qe6 29. Bf5 Qe7 30. Rh1 Rxh1 31. Rxh1 Bxa3 32.
Bxd7 Bxb2+ 33. Kxb2 Qxd7 34. Qb3 c5 35. dxc5 Rxc5 36.
Rd1 Qe6 37. Rd4 b6 38. Ne2 Qh3 39. Qd1 Qg2 40. Qg1 Rxb5+ 41. Kc3 Ne4+ 42. Kc2 Qf3 43. Nf4 Rc5+ 44. Kb2 Nxf2 45. Qf1 Qxe3 0-1

[Event "*** Titled Tuesday Blitz"]
[Site "Chess.com"]
[Date "2021.04.27"]
[Round "9"]
[White "JoseRemolar"]
[Black "sorrm8thatscheckm8"]
[Result "0-1"]
[WhiteElo "2441"]
[BlackElo "2568"]
[TimeControl "180+1"]
[EndTime "11:43:47 PDT"]
[Termination "sorrm8thatscheckm8 won on time"]

1. d4 Nf6 2. c4 g6 3. Nf3 Bg7 4. Nc3 O-O 5. g3 d6 6. Bg2 Nc6 7. O-O a6 8. h3 Bd7 9. Kh2 Rb8 10.
e4 e5 11. Be3 Nxd4 12. Nxd4 exd4 13. Bxd4 b5 14. c5 Bc6 15. cxd6 cxd6 16. Rc1 Bb7 17. Qd2 Re8 18. Rfe1 Rc8 19. a4 Rc4 20. Bxf6 Bxf6 21. axb5 Rd4 22. Qe3 a5 23. Rcd1 Rb4 24.
Qa7 Rxb2 25. Na4 Rxb5 26. e5 Bxe5 27. Bxb7 Qc7 28. f4 Rxb7 29. Qf2 Qc6 30. fxe5 Qxa4 31.
exd6 Reb8 32. Rd2 Qa3 33. Qf4 Rd7 34. Re7 Rxe7 35. dxe7 Re8 36. Rd7 Rxe7 37. Rd8+ Kg7 38. Qd4+ f6 39. Rd7 Qa2+ 40. Kg1 Qb1+ 41. Kg2 Qc2+ 42. Kg1 Qc1+ 43. Kg2 Qc6+ 44. Rd5 Rd7 0-1

[Event "*** Titled Tuesday Blitz"]
[Site "Chess.com"]
[Date "2021.04.27"]
[Round "9"]
[White "Natalya_Buksa"]
[Black "moro182"]
[Result "0-1"]
[WhiteElo "2528"]
[BlackElo "2710"]
[TimeControl "180+1"]
[EndTime "11:43:48 PDT"]
[Termination "moro182 won by resignation"]

1. d4 g6 2. Nc3 Bg7 3. e4 d6 4.
Bg5 Nf6 5. e5 Nfd7 6. f4 Nb6 7. Nf3 d5 8. Bd3 Nc6 9. a3 Bg4 10. Be2 Qd7 11. h3 Bxf3 12. Bxf3 h5 13. Bh4 e6 14. Qd3 Bh6 15. Ne2 Ne7 16. g4 hxg4 17.
hxg4 Bg7 18. O-O-O O-O-O 19. Kb1 Rde8 20. Ng3 Nc4 21.
Ka2 Nc6 22. f5 gxf5 23. gxf5 Bf8 24. Nh5 Be7 25. Nf6 Bxf6 26. Bxf6 Rxh1 27. Rxh1 exf5 28. Rh5 Nb6 29. Bg2 Kb8 30. Bh3 Na5 31. Bxf5 Qa4 32. Rh7 Nc6 33. Rxf7 Nb4+ 34. Kb1 Nxd3 35. cxd3 Qd1+ 36.
Ka2 Qh5 37. e6 Qxf5 38. e7 Qd7 39. Rf8 Nc8 40. Rf7 a5 41. Rh7 a4 42. Kb1 Qb5 43. Ka1 Qc6 44. Kb1 Qxf6 0-1

[Event "*** Titled Tuesday Blitz"]
[Site "Chess.com"]
[Date "2021.04.27"]
[Round "9"]
[White "chess94cu"]
[Black "klimkoj"]
[Result "1-0"]
[WhiteElo "2591"]
[BlackElo "2610"]
[TimeControl "180+1"]
[EndTime "11:43:48 PDT"]
[Termination "chess94cu won by resignation"]

1. d4 Nf6 2. Bf4 b6 3. Nc3 Bb7 4. Nf3 e6 5. e3 Bb4 6. Bd3 O-O 7. O-O Bxc3 8. bxc3 d6 9. h3 Nbd7 10. Qe2 Re8 11.
Bb5 a6 12. Ba4 b5 13. Bb3 e5 14. dxe5 dxe5 15. Bg3 e4 16. Ng5 Re7 17. a4 h6 18.
Nxf7 Rxf7 19. Bxf7+ Kxf7 20. axb5 axb5 21. Qxb5 Bd5 22. c4 Be6 23. Bxc7 Qxc7 24. Rxa8 Bxc4 25. Qa5 Qxa5 26. Rxa5 Bxf1 27. Kxf1 Ke6 28. Ke2 Ne8 29. f3 exf3+ 30. gxf3 Nd6 31. f4 Nf6 32. Kf3 g5 33.
fxg5 hxg5 34. Rxg5 Nfe4 35. Ra5 Nd2+ 36. Ke2 N2c4 37.
Ra8 Ne5 38. h4 Nf5 39. Ra4 Ng6 40. Ra6+ Kf7 41. c4 Ngxh4 42. c5 Ne7 43. e4 Nhg6 44. Ke3 Ne5 45. Ra7 Ke6 46. Ra6+ N5c6 47. Rb6 Ke5 48. Rb7 Ke6 49. Rc7 Ke5 50. Kd3 Ke6 51. Kc4 Kf6 52. Kb5 Nd4+ 53. Kb6 Ke6 54. Ra7 Ndc6 55. Ra8 Kd7 56.
Rh8 Ke6 57. Rh6+ Ke5 58. Rxc6 Nxc6 59. Kxc6 1-0

[Event "*** Titled Tuesday Blitz"]
[Site "Chess.com"]
[Date "2021.04.27"]
[Round "9"]
[White "miragha_yev"]
[Black "SilviusTiberius"]
[Result "1-0"]
[WhiteElo "2743"]
[BlackElo "2626"]
[TimeControl "180+1"]
[EndTime "11:43:49 PDT"]
[Termination "miragha_yev won on time"]

1. e4 e5 2. Nc3 Nf6 3. Nf3 Nc6 4. d4 exd4 5. Nxd4 Bb4 6. Nxc6 bxc6 7. Bd3 d5 8. exd5 O-O 9. O-O Bg4 10. f3 Bh5 11. dxc6 Qd4+ 12. Kh1 Bxc3 13. bxc3 Qxc3 14. Bg5 Qxc6 15. Qd2 Bg6 16. Qa5 Bxd3 17. cxd3 Qd5 18. Qxd5 Nxd5 19. Rfc1 f6 20. Bh4 Rf7 21. Rc5 Rd7 22.
h3 Nf4 23. Bg3 Nxd3 24. Rxc7 Rxc7 25. Bxc7 Rc8 26. Bg3 Rc2 27. Rd1 Rc1 28. Rxc1 Nxc1 29. a3 Kf7 30. Bb8 a6 31. Kg1 Ke6 32. Kf2 Kd5 33. Ke3 Kc4 34. Ke4 Nd3 35. Bd6 g6 36. h4 f5+ 37. Ke3 a5 38. g4 fxg4 39. fxg4 h5 40.
gxh5 gxh5 41. Ke4 Nf2+ 42. Kf4 Kd5 43. Bc7 Ke6 44. Kg5 Ne4+ 45. Kxh5 a4 46. Kg4 Nf6+ 47. Kg5 Ne4+ 48. Kg6 Nf6 49. Bb8 Ng8 50. h5 Ne7+ 51. Kg5 Kf7 52. h6 Ng6 53. Kf5 Ne7+ 54. Kg5 Ng6 55. Bd6 Nh8 56. Kf5 Kg8 57. Ke6 Nf7 58. Bf4 Kh7 59. Kxf7 1-0

[Event "*** Titled Tuesday Blitz"]
[Site "Chess.com"]
[Date "2021.04.27"]
[Round "9"]
[White "InvisibleWarrior2252"]
[Black "vanyakuba"]
[Result "1-0"]
[WhiteElo "2553"]
[BlackElo "2394"]
[TimeControl "180+1"]
[EndTime "11:43:51 PDT"]
[Termination "InvisibleWarrior2252 won by resignation"]

1. e4 d5 2. exd5 Qxd5 3. Nc3 Qa5 4. d4 Nf6 5. Nf3 Bg4 6. h3 Bh5 7. g4 Bg6 8. Ne5 e6 9. Bd2 Qb6 10. Qe2 c6 11. O-O-O Qxd4 12. Bg2 Nbd7 13. Nc4 Nb6 14. Ne5 Nbd7 15. Nc4 Nb6 16. Na5 Bb4 17. Nb3 Qc4 18.
Qe1 O-O-O 19. a3 Bxc3 20. Bxc3 Rxd1+ 21. Qxd1 Rd8 22. Qe1 Nbd5 23. Bf1 Qf4+ 24. Bd2 Qf3 25. Be2 Qe4 26. Bd1 Qxe1 27. Rxe1 Ne4 28. Ba5 b6 29.
Bd2 Nxd2 30. Nxd2 Kc7 31. h4 h6 32. h5 Bh7 33. Nc4 Bg8 34. Ne5 f6 35. Nd3 e5 36.
Bf3 c5 37. Be4 Ne7 38. b3 Nc6 39. Kb2 Nd4 40. c4 Nc6 41. Kc3 Be6 42. f4 Bxg4 43. Rg1 f5 44. Bxc6 Rxd3+ 45. Kxd3 Kxc6 46.
fxe5 Kd7 47. Ke3 Ke6 48. Kf4 Bxh5 49. Rxg7 Bf7 50. Rh7 h5 51. Rh6+ Ke7 52. Kxf5 1-0

[Event "*** Titled Tuesday Blitz"]
[Site "Chess.com"]
[Date "2021.04.27"]
[Round "9"]
[White "onnoelgersma"]
[Black "AniJak"]
[Result "1-0"]
[WhiteElo "2453"]
[BlackElo "2291"]
[TimeControl "180+1"]
[EndTime "11:43:51 PDT"]
[Termination "onnoelgersma won by resignation"]

1. Nf3 d5 2. b3 Nf6 3. Bb2 c5 4. e3 Nc6 5. Bb5 Bg4 6. h3 Bxf3 7. Qxf3 e6 8. O-O Be7 9. Bxc6+ bxc6 10. d3 O-O 11.
Nd2 Rb8 12. Be5 Bd6 13. Bc3 Nd7 14. e4 Be5 15. Bxe5 Nxe5 16. Qg3 Ng6 17. f4 Qh4 18.
Qxh4 Nxh4 19. Rae1 Rfe8 20. g4 h6 21. Kh2 Ng6 22.
Kg3 Nf8 23. h4 Rb6 24. h5 Ra6 25. a4 Rb6 26. g5 Nh7 27. Kh4 Rb7 28. Rg1 Kh8 29.
Ref1 Rd7 30. g6 fxg6 31. Rxg6 Nf6 32. e5 Ng8 33. Kg4 Rf7 34. Nf3 Ref8 35. Nh4 Re7 36. Rf2 Rd8 37. Re2 c4 38. f5 cxd3 39. cxd3 exf5+ 40. Nxf5 Rb7 41. e6 Re8 42. e7 Rexe7 43. Nxe7 Nxe7 44. Rge6 Ng8 45. Re8 Rxb3 46. Ra8 Kh7 47.
Kf5 Rxd3 48. Ree8 g6+ 49. hxg6+ 1-0

[Event "*** Titled Tuesday Blitz"]
[Site "Chess.com"]
[Date "2021.04.27"]
[Round "9"]
[White "IsuruAlahakoon"]
[Black "Zipa5"]
[Result "0-1"]
[WhiteElo "2160"]
[BlackElo "1885"]
[TimeControl "180+1"]
[EndTime "11:43:51 PDT"]
[Termination "Zipa5 won on time"]

1. Nf3 c6 2. d4 d5 3. c4 e6 4.
e3 f5 5. Bd3 Nf6 6. Nc3 Be7 7.
O-O O-O 8. b3 Ne4 9. Ne2 Nd7 10.
Bb2 Bf6 11. Ne5 Nxe5 12. dxe5 Be7 13. Bxe4 dxe4 14. Qc2 Qc7 15. f3 exf3 16. Rxf3 Bc5 17. Raf1 Bd7 18. Kh1 a5 19. Nf4 a4 20. Nd3 axb3 21.
axb3 Be7 22. Bd4 c5 23. Bc3 Bc6 24. Rg3 Be4 25. Qe2 Ra3 26. Nf4 Qc8 27. Qb2 Ra6 28.
Nh5 Rf7 29. Nf6+ Bxf6 30. exf6 g6 31. h4 Qa8 32. Qd2 Qf8 33. Qf2 Rxf6 34. Ba1 Rf7 35. Qb2 Rg7 36. Qxg7+ Qxg7 37. Bxg7 Kxg7 38. h5 Kf6 39. hxg6 hxg6 40. Rh3 Ra3 41. Rh7 Rxb3 42. Rc7 b6 43. Kh2 Rxe3 0-1